Map: [ESL] Inside and Out

Players

超高校级的星灵

  • Race: Protoss Protoss
  • League: Master

iGMacSed (MacSed) - Winner!

  • Race: Protoss Protoss

Event: DreamHack SC2 Masters 2022 Atlanta (Online)

VOD

Have the link to the VOD?

Description

Time

  • Played on: Oct. 5, 2022, 8:03 a.m.
  • Length: 10:15

All games in this series

Show
View Real Time Build Order
Export as new Build Order

超高校级的星灵 Protoss 

Build Orders: Oracle Opening 

Get SALT Encoding   

  12  0:00  Probe  
  13  0:12  Probe  
  14  0:18  Pylon  
  14  0:24  Probe (Chrono Boost)  
  15  0:36  Probe (Chrono Boost)  
  15  0:38  Gateway  
  16  0:44  Probe (Chrono Boost)  
  16  0:46  Assimilator  
  17  0:51  Probe  
  17  0:55  Assimilator  
  18  1:03  Probe (Chrono Boost)  
  19  1:06  Pylon  
  19  1:12  Probe (Chrono Boost)  
  19  1:17  Probe (Chrono Boost)  
  21  1:28  Cybernetics Core  
  21  1:29  Probe  
  21  1:32  Zealot  
  24  1:41  Probe  
  25  1:48  Pylon  
  25  1:53  Probe  
  26  2:05  Probe  
  26  2:08  Stalker  
  29  2:10  Stargate  
  29  2:14  Warp Gate  
  29  2:21  Pylon  
  28  2:38  Nexus  
  28  2:44  Shield Battery  
  28  2:50  Oracle (Chrono Boost)  
  28  2:57  Probe  
  32  3:09  Probe  
  33  3:17  Oracle (Chrono Boost)  
  33  3:18  Gateway  
  36  3:31  Probe  
  37  3:39  Twilight Council  
  37  3:44  Probe (Chrono Boost)  
  38  3:51  Probe (Chrono Boost)  
  40  4:00  Probe x2 (Chrono Boost)  
  41  4:06  Probe (Chrono Boost)  
  41  4:07  Probe  
  43  4:15  Stalker x2  
  45  4:18  Probe  
  45  4:19  Probe  
  41  4:30  Probe  
  39  4:32  Probe, Blink (Chrono Boost)  
  39  4:40  Stalker  
  39  4:42  Stalker  
  39  4:44  Probe  
  45  4:52  Shield Battery  
  44  4:54  Pylon  
  42  5:00  Pylon  
  42  5:04  Stalker  
  44  5:14  Stalker  
  42  5:25  Shield Battery  
  42  5:26  Probe x2  
  42  5:38  Probe (Chrono Boost), Pylon  
  42  5:40  Probe (Chrono Boost), Stalker  
  44  5:50  Probe (Chrono Boost)  
  44  5:55  Probe (Chrono Boost)  
  45  5:57  Probe (Chrono Boost)  
  45  6:02  Probe  
  47  6:05  Stalker  
  47  6:11  Probe  
  47  6:15  Probe  
  48  6:18  Stalker  
  48  6:23  Probe  
  51  6:27  Gateway  
  51  6:29  Probe  
  51  6:32  Gateway  
  52  6:34  Stalker, Pylon  
  52  6:35  Probe  
  55  6:41  Cybernetics Core  
  53  6:49  Zealot  
  53  6:51  Assimilator  
  53  6:53  Assimilator  
  55  6:55  Pylon  
  55  7:06  Probe x2  
  57  7:09  Dark Shrine  
  57  7:13  Gateway  
  57  7:19  Stalker x2  
  61  7:25  Stalker  
  59  7:30  Shield Battery  
  59  7:31  Stalker  
  61  7:43  Stalker  
  63  7:48  Shield Battery, Probe x2  
  63  7:49  Stalker  
  67  8:00  Stalker  
  67  8:03  Pylon  
  69  8:10  Stalker x2  
  73  8:15  Cybernetics Core  
  72  8:22  Dark Templar  
  74  8:29  Dark Templar  
  74  8:31  Pylon  
  75  8:36  Dark Templar  
  75  8:55  Nexus  
  73  9:07  Probe x2  
  73  9:13  Stalker x4  
  71  9:19  Probe  
  71  9:20  Pylon  
  72  9:31  Probe x2  
  74  9:32  Forge  
  74  9:34  Gateway  
  74  9:38  Stalker  
  74  9:40  Shield Battery  
  76  9:51  Dark Templar x2, Sentry  
  78  10:05  Zealot  
Show
View Real Time Build Order
Export as new Build Order

iGMacSed Protoss - Winner!

Build Orders:  

Get SALT Encoding   

  12  0:00  Probe  
  13  0:12  Probe  
  14  0:19  Pylon  
  14  0:24  Probe (Chrono Boost)  
  15  0:37  Gateway  
  15  0:38  Probe (Chrono Boost)  
  16  0:45  Probe (Chrono Boost)  
  16  0:47  Assimilator  
  17  0:53  Probe  
  18  1:05  Probe  
  19  1:17  Probe  
  20  1:25  Cybernetics Core, Pylon  
  20  1:28  Zealot  
  20  1:29  Probe  
  23  1:43  Probe  
  24  1:52  Assimilator  
  24  1:55  Probe  
  24  1:59  Stalker (Chrono Boost)  
  25  2:07  Nexus  
  27  2:10  Warp Gate (Chrono Boost)  
  27  2:14  Probe  
  28  2:25  Stalker  
  28  2:26  Probe  
  31  2:37  Gateway  
  31  2:45  Pylon  
  31  2:54  Shield Battery  
  31  3:03  Probe  
  31  3:05  Shield Battery  
  32  3:13  Gateway  
  32  3:15  Probe  
  32  3:19  Probe  
  34  3:31  Probe (Chrono Boost)  
  34  3:34  Probe (Chrono Boost)  
  33  3:42  Probe (Chrono Boost)  
  33  3:44  Probe (Chrono Boost)  
  33  3:47  Probe (Chrono Boost)  
  34  3:48  Probe (Chrono Boost)  
  34  3:53  Pylon  
  34  3:54  Adept x2  
  40  3:57  Probe  
  40  3:59  Twilight Council  
  41  4:03  Probe  
  40  4:13  Stalker  
  40  4:15  Stalker x2  
  40  4:18  Probe  
  40  4:23  Probe (Chrono Boost)  
  42  4:30  Probe (Chrono Boost)  
  41  4:37  Stalker  
  41  4:38  Stalker  
  44  4:39  Probe (Chrono Boost)  
  44  4:42  Stalker  
  46  4:46  Probe  
  47  5:02  Stalker x2  
  49  5:07  Probe  
  49  5:12  Robotics Facility  
  50  5:15  Probe  
  50  5:20  Probe  
  48  5:21  Stalker  
  48  5:26  Stalker x2  
  48  5:28  Blink (Chrono Boost)  
  48  5:29  Probe  
  45  5:38  Probe  
  46  5:45  Adept  
  46  5:47  Probe  
  46  5:49  Adept  
  51  5:50  Stalker  
  51  5:52  Probe  
  54  6:00  Probe  
  54  6:02  Observer  
  56  6:04  Probe  
  55  6:12  Probe  
  54  6:24  Stalker x3  
  58  6:26  Probe x2  
  58  6:29  Forge  
  60  6:38  Probe  
  61  6:40  Pylon  
  61  6:43  Probe  
  61  6:47  Assimilator  
  60  6:53  Stalker  
  62  6:58  Immortal, Probe  
  62  7:00  Stalker, Pylon  
  69  7:09  Probe  
  69  7:12  Protoss Ground Weapons Level 1 (Chrono Boost)  
  70  7:19  Stalker  
  72  7:26  Stalker  
  72  7:32  Probe  
  72  7:33  Probe  
  74  7:37  Stalker  
  76  7:45  Nexus  
  76  7:46  Stalker  
  78  7:52  Pylon  
  76  8:00  Adept  
  78  8:05  Pylon  
  78  8:07  Immortal (Chrono Boost)  
  78  8:21  Stalker x3  
  82  8:28  Probe x2  
  82  8:30  Shield Battery  
  82  8:42  Observer (Chrono Boost)  
  82  8:48  Nexus  
  83  8:52  Stalker x2  
  83  8:59  Observer (Chrono Boost)  
  82  9:08  Nexus  
  82  9:09  Stalker  
  83  9:13  Probe  
  83  9:15  Probe  
  85  9:18  Photon Cannon  
  85  9:19  Photon Cannon  
  85  9:26  Probe  
  85  9:28  Pylon  
  85  9:30  Pylon  
  86  9:37  Probe  
  86  9:38  Probe  
  85  9:47  Stalker  
  85  9:48  Stalker x2  
  85  9:49  Probe  
  85  9:50  Probe  
  88  10:14  Pylon  
Tags
 
Add a new tag
Caveats
  • Supply blocks, unpowered buildings, or Contaminate may cause inaccurate times.
  • Supply counts are checked every 10 seconds.